 Dungeon Crawl Stone Soup version 0.30.0-15-g856e2d3f33 (webtiles) character file.

Game seed: 7339046061519647619

14275 SnakkuSnakku7 the Carver (level 12, -13/108 HPs)
             Began as a Ghoul Hexslinger on May 20, 2023.
             Was a Believer of Uskayaw.
             Mangled by a death yak (18 damage)
             ... on level 10 of the Dungeon.
             The game lasted 00:14:21 (10403 turns).

SnakkuSnakku7 the Carver (Ghoul Hexslinger)        Turns: 10403, Time: 00:14:22

Health: -13/108    AC: 15    Str: 15    XL:     12   Next: 14%
Magic:  12/12      EV: 12    Int: 11    God:    Uskayaw [**....]
Gold:   167        SH:  5    Dex: 13    Spells: 13/13 levels left

rFire   + . .        a - +0 triple sword
rCold   + . .        (shield currently unavailable)
rNeg    + + +        y - +0 steam dragon scales
rPois   ∞            v - +2 helmet {Int+3}
rElec   .            r - +2 cloak
rCorr   .            x - +0 pair of gloves
SInv    .            t - +2 pair of boots
Will    .....        l - amulet of reflection
Stlth   +            w - ring of wizardry
HPRegen 0.00/turn    D - ring of protection from fire
MPRegen 0.13/turn

%: reflection, wizardry (x1)
@: inhibited regen
A: claws 1, cold resistance 1, negative energy resistance 3, inhibited
regeneration, torment resistance 2, devour on kill
a: Renounce Religion, Stomp, Line Pass


You were on level 10 of the Dungeon.
You worshipped Uskayaw.
Uskayaw was noncommittal.
You visited 2 branches of the dungeon, and saw 11 of its levels.
You also visited: Bailey.

You collected 752 gold pieces.
You spent 585 gold pieces at shops.

Inventory:

Hand Weapons
 a - a +0 triple sword (weapon)
 f - a +1 sling
Missiles
 i - 3 silver javelins
 s - 27 poisoned darts (quivered)
Armour
 c - a +0 robe
 h - a +0 ring mail
 r - a +2 cloak (worn)
 t - a +2 pair of boots (worn)
 v - a +2 helmet of intelligence (worn)
 x - a +0 pair of gloves (worn)
 y - +0 steam dragon scales (worn)
Jewellery
 l - an amulet of reflection (around neck)
 w - a ring of wizardry (left hand)
 z - a ring of flight
 D - a ring of protection from fire (right hand)
 E - a ring of see invisible
 N - a +6 ring of dexterity
Wands
 q - a wand of flame (4)
 C - a wand of digging (15)
 J - a wand of quicksilver (5)
 K - a wand of roots (5)
Scrolls
 b - 4 scrolls of poison
 d - 3 scrolls of magic mapping
 e - 5 scrolls of teleportation
 n - 5 scrolls of enchant armour
 u - 2 scrolls of silence
 L - a scroll of fear
 M - a scroll of brand weapon {unknown}
Potions
 g - 4 potions of curing
 j - 2 potions of brilliance
 k - a potion of lignification {unknown}
 m - a potion of attraction
 o - 7 potions of heal wounds
 p - 4 potions of might
 A - a potion of ambrosia {unknown}
 B - a potion of flight {unknown}
 F - 2 potions of magic {unknown}
 G - a potion of resistance {unknown}
 H - 2 potions of haste
 I - a potion of invisibility


   Skills:
 - Level 10.9 Fighting
 + Level 14.7 Long Blades
 - Level 1.7 Ranged Weapons
 - Level 3.0 Throwing
 - Level 1.7 Dodging
 - Level 0.7 Unarmed Combat
 - Level 1.0 Spellcasting
 - Level 2.4 Hexes


You had 13 spell levels left.
You didn't know any spells.
Your spell library contained the following spells:

 Spells                   Type           Power      Damage    Failure   Level
 Slow                     Hex            20%        N/A       4%          1
 Tukima's Dance           Hex            5%         N/A       16%         3
 Cigotuvi's Dreadful Rot  Necr/Pois/Air  0%         N/A       19%         2
 Inner Flame              Hex/Fire       3%         N/A       24%         3
 Portal Projectile        Hex/Tloc       6%         N/A       24%         3
 Cause Fear               Hex            2%         N/A       43%         4
 Anguish                  Hex/Necr       1%         N/A       58%         4
 Dispel Undead            Necr           0%         3d6       75%         4
 Passage of Golubria      Tloc           0%         N/A       75%         4
 Yara's Violent Unravell  Hex/Tmut       1%         3d3       89%         5
 Death Channel            Necr           0%         N/A       100%        6
 Enfeeble                 Hex            2%         N/A       100%        7
 Summon Hydra             Summ           0%         N/A       100%        7
 Sublimation of Blood     Necr           Unusable   N/A       N/A         2
 Wereblood                Tmut           Unusable   N/A       N/A         2

Dungeon Overview and Level Annotations

Branches:
Dungeon (10/15)            Temple (1/1) D:5            Lair (0/5) D:10
 Bailey (visited)
    Orc: D:9-12

Altars:
Ashenzari
Cheibriados
Dithmenos
Fedhas
Gozag
Hepliaklqana
Kikubaaqudgha
Makhleb
Nemelex Xobeh
Okawaru
Qazlal
Ru
Sif Muna
Trog
Uskayaw
Vehumet
Wu Jian
Xom
Yredelemnul

Shops:
D:5 [   D:7 (**


Innate Abilities, Weirdness & Mutations

You are immune to poison.
You have sharp fingernails.
Your flesh is cold resistant. (rC+)
You are immune to negative energy. (rN+++)
You do not regenerate when monsters are visible.
You are immune to unholy pain and torment.
You thrive by killing the living.


Message History

You hit the death yak but do no damage.
The death yak is lightly wounded.
The death yak gores you!
You hit the death yak.
The death yak is lightly wounded.
The death yak closely misses you.
You slash the death yak!
The death yak is moderately wounded.
The death yak closely misses you.
You slice the death yak!!
The death yak is severely wounded.
The death yak gores you!
You can now pass through a line of other dancers.
You hit the death yak but do no damage.
The death yak is severely wounded.
The death yak gores you.
You hit the death yak but do no damage.
The death yak is severely wounded.
You block the death yak's attack.
You hit the death yak but do no damage.
The death yak is severely wounded.
The death yak gores you.
You hit the death yak but do no damage.
The death yak is heavily wounded.
The death yak barely misses you.
You hit the death yak.
The death yak is heavily wounded.
The death yak gores you!
* * * LOW HITPOINT WARNING * * *
You slash the death yak!
The death yak is severely wounded.
The death yak gores you!!
* * * LOW HITPOINT WARNING * * *
You hit the death yak but do no damage.
The death yak is severely wounded.
The death yak gores you but does no damage.
You barely miss the death yak.
The death yak is severely wounded.
The death yak gores you!!
You die...

##...#...###.....#
#....#..........#
#...#.Y........#
###..####.....## #Y### ##....#
#.# ##...# ####.# ##..# #...Y##
#..## ###....########.@.###
#.......##.#....Y...####
.......................### ###
............#...####.....####.#
............#..## ####...>..##
....#.>........# #####.##
........#......## ##..##
.#...#..........# ##....#
.##..........#..# ##..####


You could see a death yak.

Vanquished Creatures
  4 death yaks (D:9)
  A cyclops (D:8)
  Joseph (D:7)
  2 kobold demonologists
  2 hornets
  4 yaks
  2 wraiths
  2 steam dragons (D:9)
  An acid dragon (D:6)
  3 water moccasins
  3 ice beasts
  5 orc warriors
  A sky beast (D:7)
  3 ogres
  A centaur (D:10)
  A kobold brigand (D:6)
  4 bullfrogs
  6 scorpions
  4 wights (D:9)
  5 killer bees (D:9)
  7 howler monkeys
  4 hounds
  2 jellies
  4 orc priests
  2 gnoll boudas
  Crazy Yiuf (D:2)
  Jessica (D:1)
  4 sleepcaps
  12 orc wizards
  2 iguanas (D:6)
  19 gnolls
  6 adders
  2 shadow imps
  2 white imps (D:8)
  2 ufetubi (D:5)
  A worm (D:2)
  A dart slug (D:5)
  44 orcs
  3 ball pythons
  5 endoplasms
  5 hobgoblins
  4 jackals (D:3)
  A quokka (D:4)
  8 bats
  3 frilled lizards
  8 goblins
  7 kobolds
  3 rats
218 creatures vanquished.

Vanquished Creatures (others)
  An orc wizard (D:7)
1 creature vanquished.

Grand Total: 219 creatures vanquished

Notes
Turn   | Place    | Note
-------+----------+-------------------------------------------
     0 | D:1      | SnakkuSnakku7 the Ghoul Hexslinger began the quest for the
                  | Orb.
     0 | D:1      | Reached XP level 1. HP: 16/16 MP: 1/1
   181 | D:1      | Reached XP level 2. HP: 24/24 MP: 2/2
   531 | D:2      | Noticed Jessica
   537 | D:1      | Killed Jessica
   538 | D:1      | Reached skill level 1 in Long Blades
   538 | D:1      | Reached XP level 3. HP: 21/30 MP: 3/3
  1013 | D:2      | Reached XP level 4. HP: 32/38 MP: 4/4
  1136 | D:2      | Reached skill level 2 in Long Blades
  1427 | D:2      | Found a runed translucent door.
  1428 | D:2      | Noticed Crazy Yiuf
  1435 | D:2      | Killed Crazy Yiuf
  1918 | D:3      | Reached skill level 3 in Long Blades
  2056 | D:3      | Reached XP level 5. HP: 45/45 MP: 5/5
  3004 | D:5      | Entered Level 5 of the Dungeon
  3012 | D:5      | Noticed an ice beast
  3018 | D:5      | Killed an ice beast
  3019 | D:5      | Reached skill level 4 in Long Blades
  3019 | D:5      | Reached skill level 1 in Throwing
  3019 | D:5      | Reached XP level 6. HP: 49/51 MP: 6/6
  3147 | D:5      | Found Mantor's Armour Shop.
  3155 | D:5      | Bought a +2 helmet of intelligence for 258 gold pieces
  3198 | D:5      | Reached XP level 7. HP: 57/57 MP: 5/7
  3634 | D:5      | Reached skill level 5 in Long Blades
  3688 | D:5      | Found a staircase to the Ecumenical Temple.
  3721 | Temple   | Entered the Ecumenical Temple
  3757 | Temple   | Became a worshipper of Uskayaw the Reveller
  3797 | D:5      | Reached * piety under Uskayaw
  4034 | D:5      | Reached ** piety under Uskayaw
  4039 | D:5      | Reached *** piety under Uskayaw
  4323 | D:6      | Reached skill level 6 in Long Blades
  4390 | D:6      | Reached XP level 8. HP: 63/63 MP: 8/8
  4460 | D:6      | Noticed a wraith
  4625 | D:6      | Noticed a kobold demonologist
  4626 | D:6      | Noticed a red devil
  4630 | D:6      | Reached skill level 7 in Long Blades
  4632 | D:6      | Reached **** piety under Uskayaw
  4633 | D:6      | Killed a kobold demonologist
  4803 | D:6      | Reached skill level 8 in Long Blades
  4856 | D:6      | Killed a wraith
  5152 | D:6      | Reached skill level 9 in Long Blades
  5246 | D:6      | Reached XP level 9. HP: 63/69 MP: 9/9
  5368 | D:7      | Found Muib's Assorted Antiques.
  5374 | D:7      | Bought a green potion for 26 gold pieces
  5551 | D:7      | Found Ycror's Assorted Antiques.
  5555 | D:7      | Reached skill level 10 in Long Blades
  5560 | D:7      | Bought a fizzy purple potion for 26 gold pieces
  5591 | D:7      | Noticed Joseph
  5600 | D:7      | Noticed a hornet
  5696 | D:7      | Found Wyqijearph's Weapon Emporium.
  5785 | D:7      | Killed Joseph
  5905 | D:7      | Reached skill level 11 in Long Blades
  6021 | D:7      | Killed a hornet
  6284 | D:7      | Found an iron altar of Okawaru.
  6287 | D:7      | Found a hazy altar of Hepliaklqana.
  6292 | D:7      | Found a blossoming altar of Fedhas.
  6548 | D:7      | Reached XP level 10. HP: 12/77 MP: 10/10
  6555 | D:7      | Reached skill level 12 in Long Blades
  7009 | D:8      | Noticed a cyclops
  7053 | D:8      | Killed a cyclops
  7249 | D:8      | Reached skill level 13 in Long Blades
  7579 | D:7      | Bought a smouldering chain mail for 275 gold pieces
  7579 | D:7      | Identified the +0 chain mail of Okawaru's Pride {Stlth+}
                  | (You bought it in a shop on level 7 of the Dungeon)
  7661 | D:9      | Found an ornate altar of the Wu Jian Council.
  7693 | D:9      | Found a flagged portal.
  7707 | Bailey   | Entered a bailey
  7716 | Bailey   | Reached skill level 10 in Fighting
  7716 | Bailey   | Reached XP level 11. HP: 101/101 MP: 11/11
  8177 | D:9      | Found an opulent altar of Gozag.
  8205 | D:9      | Noticed a sun demon
  8210 | D:9      | Noticed a sun demon
  8325 | D:9      | Found a bloodstained altar of Trog.
  8485 | D:9      | Found an ancient bone altar of Kikubaaqudgha.
  8999 | D:10     | Entered Level 10 of the Dungeon
  9157 | D:10     | Reached skill level 14 in Long Blades
  9212 | D:10     | Noticed a tengu warrior
  9239 | D:10     | Noticed a death yak
  9239 | D:10     | Noticed a death yak
  9241 | D:10     | Noticed a death yak
  9244 | D:10     | Noticed a death yak
  9256 | D:9      | Killed a death yak
  9402 | D:10     | Found a staircase to the Lair.
  9420 | D:10     | Noticed a death yak
  9637 | D:9      | Killed a death yak
  9638 | D:9      | Reached XP level 12. HP: 41/108 MP: 12/12
 10016 | D:9      | Killed a death yak
 10142 | D:9      | Killed a death yak
 10401 | D:10     | HP: 5/108 [death yak (23)]
 10403 | D:10     | Mangled by a death yak

Illustrated notes

Levels and vault maps discovered:
D:1:      dpeg_arrival_water_temple_mockup, layout_basic
D:2:      layout_loops_ring, uniq_jessica, uniq_crazy_yiuf_cottage
D:3:      layout_basic
D:4:      layout_basic
D:5:      layout_gridville, minmay_temple_entry_statues, serial_shops,
          nicolae_shop_trees
D:6:      layout_rooms, minmay_divided_ellipse
D:7:      layout_loops_cross, grunt_temple_overflow_diamond, serial_shops,
          nicolae_lakefront_shop, shop, shop, uniq_joseph
D:8:      layout_cave_pools, chequers_serial_rivers_micro_c,
          minmay_increasing_density
D:9:      layout_roguey, lemuel_round_altar, lemuel_crystal_altar,
          grunt_gozag_statues, kennysheep_little_box, enter_bailey_2
D:10:     layout_layer_cave, dpeg_lair_monsters,
          hellmonk_guarded_unrand_gyre_and_gimble
Temple:   eino_wide_crystal_templ

Skill      XL: |  1  2  3  4  5  6  7  8  9 10 11 |
---------------+----------------------------------+-----
Fighting       | 2 3 10 | 10.9
Long Blades    | 1 3 4 6 9 11 13 14 | 14.7
Throwing       | 1 2 3 |  3.0
Ranged Weapons | |  1.7
Dodging        | |  1.7
Unarmed Combat | |  0.7
Spellcasting   | |  1.0
Hexes          | |  2.4

Action                     |  1- 3 |  4- 6 |  7- 9 | 10-12 || total
---------------------------+-------+-------+-------+-------++-------
  Melee: Triple sword      |    50 |   137 |   315 |   358 ||   860
   Fire: Sling             |    70 |       |       |       ||    70
  Throw: Dart              |       |       |     5 |       ||     5
   Cast: Slow              |     1 |     1 |       |       ||     2
  Evoke: Wand              |       |     3 |    15 |       ||    18
    Use: Scroll            |     2 |    11 |     7 |     3 ||    23
         Potion            |       |       |     5 |     2 ||     7
   Stab: Paralysed         |       |       |     5 |    18 ||    23
 Armour: Robe              |     3 |       |       |       ||     3
         Ring mail         |    55 |   104 |   220 |   168 ||   547
         Steam dragon scal |       |       |       |    40 ||    40
  Dodge: Dodged            |    58 |   100 |   209 |   192 ||   559
  Block: Other             |       |       |   102 |    96 ||   198
         Reflection        |       |       |     1 |       ||     1
